 Dungeon Crawl Stone Soup version 0.31-a0-229-g1fc7ce93e2 (webtiles) character file.

Game seed: 5299222976724293133

31 qw the Shooter (level 3, 0/21 HPs)
             Began as a Gargoyle Hexslinger on July 6, 2023.
             Slain by a goblin
             ... wielding a +0 club
             ... led by Robin
              (2 damage)
             ... on level 2 of the Dungeon.
             The game lasted 00:00:25 (998 turns).

qw the Shooter (Gargoyle Hexslinger)                 Turns: 998, Time: 00:00:26

Health: 0/21       AC:  8    Str: 11    XL:     3   Next: 22%
Magic:  4/4        EV: 10    Int: 13    God:
Gold:   68         SH:  0    Dex: 14    Spells: 3/4 levels left

rFire   . . .        Y - +1 sling
rCold   . . .        (no shield)
rNeg    + . .        g - +0 ring mail
rPois   inf          (no helmet)
rElec   +            (no cloak)
rCorr   .            (no gloves)
SInv    .            (no boots)
Will    .....        (no amulet)
Stlth   +            (no ring)
HPRegen 0.23/turn    (no ring)
MPRegen 0.09/turn

%: no passive effects
@: no status effects
A: sickness immunity, AC +3, negative energy resistance 1, electricity
resistance, torment resistance 1, petrification resistance
a: no special abilities


You were on level 2 of the Dungeon.
You visited 1 branch of the dungeon, and saw 2 of its levels.

You collected 68 gold pieces.


Innate Abilities, Weirdness & Mutations

You are immune to sickness and miasma.
Your stone body is resilient. (AC +3)
You are immune to poison.
You resist negative energy. (rN+)
You are resistant to electric shocks. (rElec)
You are resistant to unholy torment.
You are immune to petrification.


   Skills:
 - Level 2.0 Fighting
 + Level 3.2 Ranged Weapons
 - Level 1.5 Dodging
 - Level 1.0 Spellcasting
 - Level 2.6 Hexes


You had 3 spell levels left.
You knew the following spells:

 Your Spells              Type           Power      Damage    Failure   Level
a - Slow                  Hex            28%        N/A       22%         1

Your spell library contained the following spells:

 Spells                   Type           Power      Damage    Failure   Level
 Inner Flame              Hex/Fire       4%         N/A       75%         3
 Portal Projectile        Hex/Tloc       8%         N/A       75%         3
 Cause Fear               Hex            3%         N/A       92%         4

Inventory:

Hand Weapons
 Y - a +1 sling (weapon)
Armour
 g - a +0 ring mail (worn)
Potions
 a - a potion of brilliance {unknown}
 b - a potion of heal wounds {unknown}
 c - a potion of lignification {unknown}
 d - a potion of resistance {unknown}
 f - a potion of might {unknown}

Dungeon Overview and Level Annotations

Branches:
Dungeon (2/15)

Altars:

Annotations:
D:2 Robin


Message History

The goblin hits you but does no damage. The goblin hits you with a +0 dagger.
The goblin closely misses you.
You hear a shout!
You shoot a sling bullet. The sling bullet barely misses Robin.
The sling bullet hits the goblin!
You kill the goblin!
The goblin hits you but does no damage.
A hobgoblin comes into view.
The goblin hits you but does no damage. Robin throws the goblin at you!
You shoot a sling bullet. The sling bullet hits Robin.
Robin is heavily wounded.
The goblin barely misses you. The goblin hits you but does no damage.
Robin hits you but does no damage. x2; The goblin hits you but does no damage.
The goblin barely misses you.
You shoot a sling bullet. The sling bullet hits Robin.
Robin is heavily wounded.
The goblin barely misses you. x2; Robin hits you with a +0 dagger.
You shoot a sling bullet. The sling bullet hits Robin.
Robin is heavily wounded.
The goblin barely misses you. The goblin hits you with a +0 dagger.
Robin misses you.
You shoot a sling bullet. The sling bullet barely misses Robin.
The sling bullet misses the goblin.
The sling bullet hits the hobgoblin.
The hobgoblin is almost dead.
The goblin hits you but does no damage. The goblin hits you with a +0 dagger.
The goblin closely misses you. The goblin hits you but does no damage.
Robin hits you but does no damage. The goblin hits you with a +0 dagger.
You shoot a sling bullet.
The sling bullet completely misses Robin.
The goblin misses you. The goblin hits you but does no damage.
Robin hits you with a +0 dagger.
You shoot a sling bullet. The sling bullet hits Robin.
Robin is heavily wounded.
The goblin closely misses you. The goblin hits you but does no damage.
The goblin hits you with a +0 club. Robin hits you but does no damage.
You shoot a sling bullet. The sling bullet hits the hobgoblin.
You kill the hobgoblin!
The goblin hits you but does no damage. The goblin barely misses you.
The goblin hits you with a +0 club.
You die...

###.### ##.## #.# #.#
#.# #?# #.# ##'## ###.#
##...## ....# ##.....##
##..# ##.......##
#...####........g####...
.......'.....<.g@%).))..
....####.......gg####...
##..# ##.......## ##.#
##.....## ..# ##...##
### ##+##


You could see Robin and 3 goblins.

Vanquished Creatures
  7 ball pythons (D:1)
  A giant cockroach (D:1)
  6 goblins
  5 hobgoblins
  3 jackals (D:2)
  A quokka (D:1)
  2 bats (D:1)
  2 frilled lizards
  A rat (D:1)
28 creatures vanquished.

Notes
Turn   | Place    | Note
-------+----------+-------------------------------------------
     0 | D:1      | qw the Gargoyle Hexslinger began the quest for the Orb.
     0 | D:1      | Reached XP level 1. HP: 12/12 MP: 2/2
     0 | D:1      | 0 ||| qw: Version: 0.3-a-46-gb1f654a
     0 | D:1      | 0 ||| qw: Game counter: 1348
     0 | D:1      | 0 ||| qw: Melee chars always use a shield: true
     0 | D:1      | 0 ||| qw: God list: Okawaru
     0 | D:1      | 0 ||| qw: Allow faded altars: false
     0 | D:1      | 0 ||| qw: Do Orc after clearing Dungeon:15 true
     0 | D:1      | 0 ||| qw: Do second Lair branch before Depths: true
     0 | D:1      | 0 ||| qw: Lair rune preference: random
     0 | D:1      | 0 ||| qw: Goals: Normal
     0 | D:1      | 0 ||| PLANNING D:1-11
   101 | D:1      | Found a faded altar of an unknown god.
   157 | D:1      | You fall into a shaft and drop 1 floor!
   181 | D:2      | Reached XP level 2. HP: 16/16 MP: 3/3
   200 | D:2      | 200 ||| UPGRADING to +0 ring mail.
   210 | D:2      | 210 ||| DROPPING +0 robe.
   211 | D:2      | 211 ||| READING scroll labelled EKKOAR GAOM.
   212 | D:2      | 212 ||| READING scroll labelled CIOTIS JIEPROG.
   213 | D:2      | 213 ||| DROPPING scroll of poison.
   295 | D:1      | Reached skill level 3 in Ranged Weapons
   756 | D:1      | 756 ||| READING scroll labelled ICLASTAIPU.
   757 | D:1      | 757 ||| READING scroll labelled WAM RYROIPA.
   800 | D:2      | Reached XP level 3. HP: 21/21 MP: 4/4
   984 | D:2      | Noticed Robin
   997 | D:2      | HP: 2/21 [goblin/+0 club[Robin] (6)]
   998 | D:2      | Slain by a goblin

Levels and vault maps discovered:
D:1:      dpeg_arrival_houses_and_road, layout_basic,
          hellmonk_ecumenical_altar_pennies_from_heaven
D:2:      layout_loops_corners, basic_altar, uniq_robin

Skill      XL: |  1  2 |
---------------+-------+-----
Ranged Weapons | 3 |  3.2
Fighting       | 2 |  2.0
Dodging        | |  1.5
Spellcasting   | |  1.0
Hexes          | |  2.6

Action                     || total
---------------------------++-------
   Fire: Sling             ||   110
    Use: Scroll            ||     4
 Armour: Robe              ||    18
         Ring mail         ||    31
  Dodge: Dodged            ||    62

Table legend:
 A = Non-vault XP
 B = Vault XP
 C = Vault XP percentage of total XP
 D = Non-vault monster count
 E = Vault monster count
 F = Vault count percentage of total count
                 A         B        C        D         E       F
            +---------+---------+-------+---------+---------+-------
      Total |      38 |       9 |  19.1 |      23 |       5 |  17.9
            +---------+---------+-------+---------+---------+-------
        D:1 |      27 |       0 |   0.0 |      17 |       0 |   0.0
        D:2 |      11 |       9 |  45.0 |       6 |       5 |  45.5
            +---------+---------+-------+---------+---------+-------
